 Dungeon Crawl Stone Soup version 0.26.1-11-gd32895ea62 (webtiles) character file.

Game seed: 6285048559215940263

310 infcreate the Sneak (level 6, -4/34 HPs)
             Began as a Vampire Enchanter on Apr 17, 2021.
             Killed by divine providence
             ... invoked by an orc priest
              (15 damage)
             ... on level 4 of the Dungeon.
             The game lasted 00:09:25 (4254 turns).

infcreate the Sneak (Vampire Enchanter)             Turns: 4254, Time: 00:09:26

Health: -4/34      AC:  6    Str:  7    XL:     6   Next: 18%
Magic:  7/10       EV: 14    Int: 17    God:
Gold:   213        SH:  0    Dex: 17    Spells: 5/11 levels left

rFire    . . .     SeeInvis +   j - +1 dagger (vamp)
rCold    + + .     Faith    .   (no shield)
rNeg     + + +     Spirit   .   b - +0 robe
rPois    ∞         Reflect  .   h - +0 helmet
rElec    .         Harm     .   (no cloak)
rCorr    .         Rampage  .   d - +2 pair of gloves
Will     .....                  (no boots)
Stlth    +++++.....             A - amulet of the acrobat
HPRegen  0.00/turn              (no ring)
MPRegen  0.12/turn              (no ring)

@: confusing touch, bloodless
A: fangs 3, see invisible, unbreathing
a: Bat Form, Revivify


You were on level 4 of the Dungeon.
You visited 1 branch of the dungeon, and saw 4 of its levels.

You collected 213 gold pieces.


Innate Abilities, Weirdness & Mutations

You do not regenerate when monsters are visible.
You are frail without blood (-20% HP).
You can heal yourself when you bite living creatures.
You are immune to poison.
You have razor-sharp teeth.
You have supernaturally acute eyesight. (SInv)
You can survive without breathing.


   Skills:
 + Level 1.2 Fighting
 * Level 2.9 Short Blades
 * Level 3.8 Dodging
 * Level 6.1 Stealth
 * Level 3.0 Spellcasting
 * Level 5.7 Hexes


You had 5 spell levels left.
You knew the following spells:

 Your Spells              Type           Power        Failure   Level
c - Corona                Hex            24%          1%          1
e - Ensorcelled Hibernat  Hex/Ice        24%          9%          2
t - Confusing Touch       Hex            22%          4%          3

Your spell library contained the following spells:

 Spells                   Type           Power        Failure   Level
 Tukima's Dance           Hex            22%          4%          3
 Dazzling Flash           Conj/Hex       24%          16%         3

Inventory:

Hand Weapons
 a - a +0 rapier
 j - a +1 vampiric dagger (weapon)
Armour
 b - a +0 robe (worn)
 d - a +2 pair of gloves (worn)
 h - a +0 helmet (worn)
 n - a +2 helmet
Jewellery
 A - an amulet of the acrobat (around neck)
Wands
 e - a wand of random effects (15)
Scrolls
 f - 4 scrolls of identify {@r1}
 l - 2 scrolls of teleportation {unknown}
 p - a scroll of fog {unknown}
Potions
 c - 3 potions of attraction
 g - a potion of heal wounds {unknown}
 i - a potion of brilliance {unknown}
 k - a potion of degeneration {unknown}
 m - a potion of curing {unknown}
 o - a potion of mutation {unknown}

Dungeon Overview and Level Annotations

Branches:
Dungeon (4/15)
 Temple: D:4-7

Altars:
Gozag
Nemelex Xobeh
Vehumet

##### ##### ....#
######...####
###.###...........###
# #.....####.........
###..#### #..###.##
......# #..[...#
##...## #.)##..#
##.## #....))# #.#
##.##@## #.#
#...o....# #+#
####.##### ..# #.#
... ?.# ..#


You could see an orc priest.


Message History

You bite the orc, and draw its blood! You impale the orc!!
You kill the orc!
You see here a runed scale mail.
An orc priest and an orc wizard come into view.
The helpless orc wizard fails to defend itself.
You bite the orc wizard, and draw its blood!
You impale the orc wizard!!
You kill the orc wizard!
The helpless orc fails to defend itself.
You bite the orc, and draw its blood! You impale the orc!!
You kill the orc!
Found a scroll labelled WYLUFUGEOT.
Things that are here:
a +0 dagger; a +0 robe The orc priest shouts!
You hit the orc priest but do no damage.
You bite the orc priest, but do no damage.
Casting: Corona (safe; 1% risk of failure)
Confirm with . or Enter, or press ? or * to list all spells.
Your hands begin to glow red.
The orc priest calls down the wrath of Beogh upon you.
Beogh smites you!
You hit the orc priest but do no damage.
The orc priest calls down the wrath of Beogh upon you.
Beogh smites you!
* * * LOW HITPOINT WARNING * * *
You hit the orc priest but do no damage.
The orc priest invokes the aid of Beogh against you.
Beogh smites you!
You die...

Skill      XL: |  1  2  3  4  5 |
---------------+----------------+-----
Short Blades   | 2 |  2.9
Dodging        | 3 |  3.8
Stealth        | 5 6 |  6.1
Hexes          | 5 |  5.7
Fighting       | 1 |  1.2
Spellcasting   | 3 |  3.0

Action                   |  1- 3 |  4- 6 || total
-------------------------+-------+-------++-------
Melee: Dagger            |    97 |   189 ||   286
       Bite              |     7 |    20 ||    27
 Cast: Corona            |    21 |     6 ||    27
       Ensorcelled Hiber |     1 |    20 ||    21
       Confusing Touch   |     1 |     8 ||     9
 Abil: Exsanguinate      |     1 |       ||     1
  Use: Scroll            |     1 |     6 ||     7
 Stab: Sleeping          |     9 |    16 ||    25
       Confused          |     2 |     7 ||     9
Armor: Robe              |    35 |    32 ||    67
Dodge: Dodged            |    57 |   106 ||   163

Levels and vault maps discovered:
D:1:      dpeg_arrival_rooms_b, layout_basic, serial_forest,
          infiniplex_forest_lined_room_3, infiniplex_forest_lined_room_2,
          infiniplex_forest_corner_1, infiniplex_forest_lined_4_way,
          infiniplex_forest_lined_3, infiniplex_forest_straight_4,
          infiniplex_forest_lined_3, infiniplex_forest_lined_3_way,
          minmay_misc_feat_columns
D:2:      minmay_spotlight, layout_basic,
          chequers_temple_overflow_statue_of_worship, small_statue_intersection,
          minmay_heptomino_l4
D:3:      layout_loops_ring, nemelex_xobeh_ov_fountains_minmay, uniq_robin
D:4:      layout_loops_corners, minmay_temple_entry_mini_moons

Notes
Turn   | Place    | Note
-------+----------+-------------------------------------------
     0 | D:1      | infcreate the Vampire Enchanter began the quest for the
                  | Orb.
     0 | D:1      | Reached XP level 1. HP: 13/13 MP: 3/3
   425 | D:1      | Reached XP level 2. HP: 15/15 MP: 1/5
   494 | D:1      | Learned a level 2 spell: Ensorcelled Hibernation
  1567 | D:2      | Reached XP level 3. HP: 19/19 MP: 6/6
  1571 | D:2      | Learned a level 3 spell: Confusing Touch
  1613 | D:2      | Noticed a bullfrog
  1640 | D:2      | Killed a bullfrog
  1641 | D:2      | Reached skill level 2 in Short Blades
  1641 | D:2      | Reached skill level 3 in Dodging
  1641 | D:2      | Reached skill level 5 in Stealth
  1641 | D:2      | Reached XP level 4. HP: 19/24 MP: 2/7
  1649 | D:2      | Reached skill level 5 in Hexes
  2151 | D:2      | Found a radiant altar of Vehumet.
  2194 | D:2      | Found an opulent altar of Gozag.
  2295 | D:3      | Found a sparkling altar of Nemelex Xobeh.
  2642 | D:3      | Noticed Robin
  2660 | D:3      | Killed Robin
  2661 | D:3      | Reached XP level 5. HP: 28/28 MP: 4/8
  3219 | D:4      | Reached skill level 1 in Fighting
  3788 | D:4      | Reached skill level 6 in Stealth
  3797 | D:4      | Reached skill level 3 in Spellcasting
  3797 | D:4      | Reached XP level 6. HP: 11/34 MP: 2/10
  4254 | D:4      | Killed from afar by an orc priest

Vanquished Creatures
  A bullfrog (D:2)
  4 orc wizards (D:4)
  A worker ant (D:4)
  Robin (D:3)
  An adder (D:2)
  An ooze (D:2)
  A dart slug (D:1)
  A leopard gecko (D:2)
  11 orcs
  7 bats
  4 giant cockroaches
  18 goblins
  7 hobgoblins
  4 jackals (D:1)
  A ball python (D:2)
  2 frilled lizards
  5 kobolds
  7 rats
77 creatures vanquished.

Table legend: (Time is in decaauts)
 A = Elapsed time spent in this place.
 B = Non-inter-level travel time spent in this place.
 C = Inter-level travel time spent in this place.
 D = Time resting spent in this place.
 E = Time spent auto-exploring this place.
 F = Levels seen in this place.
 G = Mean time per level.
                   A        B        C        D        E       F      G
               +--------+--------+--------+--------+--------+-----+--------+
         Total |   4226 |   4097 |    129 |     30 |   3324 |   4 | 1056.5 |
       Dungeon |   4226 |   4097 |    129 |     30 |   3324 |   4 | 1056.5 |
               +--------+--------+--------+--------+--------+-----+--------+

Top non-repeatable levels by time:
     D:1: 1339 daAuts
     D:4: 1088 daAuts
     D:2: 1049 daAuts
     D:3: 748 daAuts

Table legend:
 A = Non-vault XP
 B = Vault XP
 C = Vault XP percentage of total XP
 D = Non-vault monster count
 E = Vault monster count
 F = Vault count percentage of total count
                 A         B        C        D         E       F
            +---------+---------+-------+---------+---------+-------
      Total |     311 |     133 |  30.0 |      58 |      19 |  24.7
            +---------+---------+-------+---------+---------+-------
        D:1 |      33 |       0 |   0.0 |      17 |       0 |   0.0
        D:2 |      48 |      97 |  66.9 |      18 |       7 |  28.0
        D:3 |      15 |      36 |  70.6 |      10 |      12 |  54.5
        D:4 |     215 |       0 |   0.0 |      13 |       0 |   0.0
            +---------+---------+-------+---------+---------+-------
